 Dungeon Crawl Stone Soup version 0.17-a0-755-g4391640 (webtiles) character file.

89 oplop the Vexing (level 4, 0/21 HPs)
             Began as a Vine Stalker Enchanter on Apr 22, 2015.
             Succumbed to a kobold's poison
             ... on level 3 of the Dungeon.
             The game lasted 00:04:15 (1603 turns).

oplop the Vexing (Vine Stalker Enchanter)           Turns: 1603, Time: 00:04:15

Health: 0/21       AC:  4    Str: 14 (16) XL:     4   Next: 55%
Magic:  8/9        EV: 12    Int: 20      God:
Gold:   105        SH:  0    Dex: 15      Spells: 2 memorised, 6 levels left

rFire  . . .     SeeInvis .     z - +0 rapier
rCold  . . .     Clarity  +     b - +1 robe
rNeg   . . .     SustAb   .     (no shield)
rPois  .         Gourm    .     (no helmet)
rElec  .         Spirit   +     (no cloak)
rCorr  .         Warding  .     (no gloves)
rMut   .         Stasis   .     (no boots)
MR     .....                    (no amulet)
Stlth  ++........               (no ring)
                                k - ring of wizardry

@: mighty, brilliant, lethally poisoned (0 -> -25), not resistant to hostile
enchantments, unstealthy
A: fangs 2, clarity, regeneration 1, shaggy fur 1, magic shield, antimagic bite,
no device heal 3, rot immunity
a: no special abilities


You were on level 3 of the Dungeon.
You were hungry.

You visited 1 branch of the dungeon, and saw 3 of its levels.

You collected 105 gold pieces.

Inventory:

Hand weapons
 a - a +1 dagger
 o - a +0 short sword of speed
 z - a +0 rapier (weapon)
Armour
 b - a +1 robe (worn)
Jewellery
 k - a ring of wizardry (left hand)
Scrolls
 e - 2 scrolls of immolation {unknown}
 f - a scroll of noise {unknown}
 g - 3 scrolls of teleportation {unknown}
 h - 5 scrolls of remove curse {unknown}
 j - 2 scrolls of identify {unknown}
 q - a scroll of random uselessness {unknown}
 s - a scroll of fear {unknown}
 t - 2 scrolls of recharging {unknown}
 y - a scroll of enchant weapon {unknown}
Potions
 p - 3 potions of heal wounds
 x - a potion of magic {unknown}
Books
 c - a book of Maledictions

   Spells                             Type                      Level
   a - Corona                         Hexes                        1
   b - Ensorcelled Hibernation        Hexes/Ice                    2
   c - Confuse                        Hexes                        3
   d - Tukima's Dance                 Hexes                        3
   e - Dazzling Spray                 Conjuration/Hexes            3
Comestibles
 d - 2 bread rations
 r - a meat ration
 u - 2 slices of pizza
 A - 3 fruits


   Skills:
 + Level 2.2 Short Blades
 - Level 1.5 Dodging
 - Level 3.6 Stealth
 + Level 3.2 Spellcasting
 + Level 3.8 Hexes


You had 6 spell levels left.
You knew the following spells:

 Your Spells              Type           Power        Failure   Level  Hunger
a - Corona                Hex            ####...      1%          1    None
b - Ensorcelled Hibernat  Hex/Ice        ###...       1%          2    ##.....


Dungeon Overview and Level Annotations

Branches:
Dungeon (3/15)

Altars:
Ashenzari


Innate Abilities, Weirdness & Mutations

You have extremely sharp teeth.
Your natural rate of healing is unusually fast.
You are covered in fur (AC +1).
When hurt, damage is shared between your health and your magic reserves.
Your bite disrupts and absorbs the magic of your enemies.
Potions and wands cannot restore your health.
You are immune to rotting.
You possess an exceptional clarity of mind.


Message History

Drink which item? (? for menu, Esc to quit)
It was a potion of beneficial mutation.
Your thoughts seem clearer.
You feel fantastic!
* * * LOW HITPOINT WARNING * * *
You feel sick. The bat hits you but does no damage. The bat hits you.
The kobold shoots a poisoned needle.
The poisoned needle hits you!
You are more poisoned.
Drink which item? (? for menu, Esc to quit)
It was a potion of mutation.
You feel extremely strange. A pair of antennae grows on your head!
The antennae on your head shrink away.
* * * LOW HITPOINT WARNING * * *
You feel very sick. The bat hits you but does no damage.
The bat completely misses you. The bat barely misses you.
Drink which item? (? for menu, Esc to quit)
It was a potion of degeneration.
There was something very wrong with that liquid.
You feel weakened.
You die...

#####.......#######+##.#
#.............#....#
#.........##.##..#.#
#####.###.##.##..#.#
#)..#.......#.....
#.###.#.######...#
#.#...#).........#
########+#(###########..#
....(..b@K(....# #...
..........####.# ##..#
.).......+ #<...
.........# #....
.........# #..>.
........# #.... .......#
#.... ......# #.... ...#
##...


You could see a bat and a kobold.

Vanquished Creatures
  3 adders
  A worm (D:2)
  5 giant geckos
  An orc (D:3)
  3 ball pythons
  A giant cockroach (D:1)
  8 hobgoblins
  7 jackals
  6 bats
  3 giant newts
  6 goblins
  3 kobolds
  5 rats
52 creatures vanquished.

Notes
Turn   | Place    | Note
--------------------------------------------------------------
     0 | D:1      | oplop, the Vine Stalker Enchanter, began the quest for the Orb.
     0 | D:1      | Reached XP level 1. HP: 9/9 MP: 4/4
     8 | D:1      | Reached skill level 1 in Short Blades
    76 | D:1      | Reached XP level 2. HP: 11/13 MP: 3/6
   416 | D:1      | Reached XP level 3. HP: 16/16 MP: 7/7
   421 | D:1      | Found a shattered altar of Ashenzari.
   959 | D:2      | Learned a level 2 spell: Ensorcelled Hibernation
  1039 | D:2      | Reached XP level 4. HP: 21/21 MP: 9/9
  1601 | D:3      | Gained mutation: You possess an exceptional clarity of mind. [potion of beneficial mutation]
  1602 | D:3      | Gained mutation: You have a pair of small antennae on your head. [potion of mutation]
  1602 | D:3      | Lost mutation: You have a pair of small antennae on your head. [potion of mutation]
  1602 | D:3      | HP: 1/21 [poisoned by a kobold]
  1603 | D:3      | Succumbed to a kobold's poison

Action                   |  1- 3 |  4- 6 || total
-------------------------+-------+-------++-------
Melee: Dagger            |    75 |       ||    75
       Short sword       |    77 |    48 ||   125
       Rapier            |       |     5 ||     5
 Cast: Corona            |    13 |     2 ||    15
  Use: Potion            |       |     7 ||     7
 Stab: Sleeping          |     5 |       ||     5
  Eat: Chunk             |     1 |     1 ||     2
